 Dungeon Crawl Stone Soup version 0.23.1 (webtiles) character file.

Game seed: 11989728659586719445

14 Kairos the Sneak (level 2, 15/15 HPs)
             Began as a Vine Stalker Assassin on Mar 8, 2019.
             Quit the game on level 1 of the Dungeon.
             The game lasted 00:00:37 (566 turns).

Kairos the Sneak (Vine Stalker Assassin)             Turns: 566, Time: 00:00:37

Health: 15/15      AC:  3    Str: 13    XL:     2   Next: 41%
Magic:  3/3        EV: 11    Int: 11    God:
Gold:   93         SH:  0    Dex: 15    Spells: 1/1 levels left

rFire    . . .     SeeInvis .   a - +2 dagger
rCold    . . .     Gourm    .   (no shield)
rNeg     . . .     Faith    .   c - +0 robe
rPois    .         Spirit   +   (no helmet)
rElec    .         Reflect  .   d - +0 cloak
rCorr    .         Harm     .   (no gloves)
MR       .....                  (no boots)
Stlth    +.........             (no amulet)
HPRegen  0.05/turn              (no ring)
MPRegen  0.08/turn              (no ring)

@: confused, flying
A: fangs 2, magic shield, antimagic bite, no potion heal 3, rot immunity
a: no special abilities


You were on level 1 of the Dungeon.
You were not hungry.

You visited 1 branch of the dungeon, and saw 1 of its levels.

You collected 93 gold pieces.

Inventory:

Hand Weapons
 a - a +2 dagger (weapon)
 b - a +0 blowgun
Missiles
 e - 38 poisoned needles
 f - 2 curare-tipped needles
Armour
 c - a +0 robe (worn)
 d - a +0 cloak (worn)
Scrolls
 j - 3 scrolls of remove curse
 m - a scroll of teleportation
Comestibles
 g - a ration


   Skills:
 + Level 1.7 Fighting
 + Level 2.0 Short Blades
 + Level 1.8 Throwing
 + Level 0.7 Dodging
 + Level 5.5 Stealth


You had one spell level left.
You didn't know any spells.
Your spell library was empty.

Dungeon Overview and Level Annotations

Branches:
Dungeon (1/15)

Altars:


Innate Abilities, Weirdness & Mutations

You have extremely sharp teeth.
When hurt, damage is shared between your health and your magic reserves.
Your bite disrupts and absorbs the magic of your enemies.
Potions cannot restore your health.
You are immune to rotting.


Message History

Done exploring.
No target in view!
As you read the scroll labeled MIMNEU HULOCK, it crumbles to dust.
You feel blessed for a moment.
It was a scroll of remove curse.
As you read the scroll labeled FUIDUT MIPN, it crumbles to dust.
You feel strangely unstable.
It was a scroll of teleportation.
As you read the scroll labeled ITEAFU VUAF KOA, it crumbles to dust.
You feel momentarily disoriented.
It was a scroll of magic mapping.
It was a potion of curing.
That felt strangely inert.
It was a potion of flight.
You feel very buoyant.
You fly up into the air.
It was a potion of ambrosia.
You are confused.
Your system rejects the healing.
You feel invigorated.
Your surroundings suddenly seem different.
Are you sure you want to abandon this character and quit the game? (Confirm with "yes".)
Okay, then.
Unknown command.
Are you sure you want to abandon this character and quit the game? (Confirm with "yes".)

# #.# #.####.
######†# #.# #.
.......# #####
###.####.
######.#######...#
#........
.............)...#
#.#.####.
.......#######...#
#.#.# #. ..####.#
##.## #.#.####. ..#
#.#
###.#########.#....#.
..# #.#
#...@............#...
..# #.#
#[###..............#.
.#####.# #.#
#########......#.
.......# #.#
#..###.#. ########
#.# #..###.#. # #.#
########...##.#. #
###.#
#............... #
#...#
#.######........ #
#.### #.#
#.........#.


There were no monsters in sight!

Vanquished Creatures
  A leopard gecko (D:1)
  3 bats (D:1)
  2 giant cockroaches (D:1)
  A goblin (D:1)
  A hobgoblin (D:1)
  4 rats (D:1)
12 creatures vanquished.

Notes
Turn   | Place    | Note
-------+----------+-------------------------------------------
     0 | D:1      | Kairos the Vine Stalker Assassin began the quest for the
                  | Orb.
     0 | D:1      | Reached XP level 1. HP: 11/11 MP: 2/2
   193 | D:1      | Reached skill level 5 in Stealth
   203 | D:1      | Reached XP level 2. HP: 15/15 MP: 3/3
   566 | D:1      | Quit the game

Skill      XL: |  1  2 |
---------------+-------+-----
Stealth        | 5 |  5.5
Short Blades   | 2 |  2.0
Fighting       | |  1.7
Throwing       | |  1.8
Dodging        | |  0.7

Action                   || total
-------------------------++-------
Melee: Dagger            ||    25
       Bite              ||     2
  Use: Scroll            ||     3
       Potion            ||     3
 Stab: Sleeping          ||     5
Armor: Robe              ||     6
Dodge: Dodged            ||    14
